 Dungeon Crawl Stone Soup version 0.19-a0-1626-g5215c36 (webtiles) character file.

39 jacquesderrida the Slasher (level 3, 0/18 HPs)
             Began as a Vine Stalker Skald on Sept 18, 2016.
             Succumbed to a worker ant's poison
             ... on level 4 of the Dungeon.
             The game lasted 00:02:27 (362 turns).

jacquesderrida the Slasher (Vine Stalker Skald)      Turns: 362, Time: 00:02:28

Health: 0/18       AC:  6    Str: 14    XL:     3   Next: 47%
Magic:  5/7        EV: 10    Int: 12    God:
Gold:   23         SH:  0    Dex: 14    Spells: 1 memorised, 5 levels left

rFire  . . .     SeeInvis .     c - book of Battle
rCold  . . .     Gourm    .     h - +0 ring mail
rNeg   . . .     Faith    .     (no shield)
rPois  .         Spirit   +     (no helmet)
rElec  .         Dismiss  .     g - +0 cloak
rCorr  .         Reflect  .     (no gloves)
MR     .....     Harm     .     (no boots)
Stlth  +.........               (no amulet)
                                (no ring)
                                (no ring)

@: lethally poisoned (0 -> -2)
A: fangs 2, magic shield, antimagic bite, no device heal 3, rot immunity
a: no special abilities


You were on level 4 of the Dungeon.
You were not hungry.

You visited 1 branch of the dungeon, and saw 4 of its levels.

You collected 23 gold pieces.

Inventory:

Hand Weapons
 a - a +0 falchion
Armour
 b - a +0 leather armour
 g - a +0 cloak (worn)
 h - a +0 ring mail (worn)
Scrolls
 e - a scroll of enchant weapon {unknown}
 i - a scroll of teleportation {unknown}
 k - a scroll of identify {unknown}
Books
 c - a book of Battle (in hand)

   Spells                             Type                      Level
   a - Infusion                       Charms                       1
   b - Shroud of Golubria             Charms/Translocation         2
   c - Song of Slaying                Charms                       2
   d - Spectral Weapon                Hexes/Charms                 3
   e - Regeneration                   Charms/Necromancy            3
Comestibles
 d - 2 bread rations
 j - a royal jelly


   Skills:
 - Level 1.7 Fighting
 + Level 3.3 Long Blades
 - Level 0.7 Armour
 - Level 0.7 Dodging
 - Level 2.1 Spellcasting
 - Level 3.0 Charms


You had 5 spell levels left.
You knew the following spells:

 Your Spells              Type           Power        Failure   Level  Hunger
a - Infusion              Chrm           #...         17%         1    ##.....


Dungeon Overview and Level Annotations

Branches:
Dungeon (4/15)
 Temple: D:4-7

Altars:
Ru
Uskayaw


Innate Abilities, Weirdness & Mutations

You have extremely sharp teeth.
When hurt, damage is shared between your health and your magic reserves.
Your bite disrupts and absorbs the magic of your enemies.
Potions and wands cannot restore your health.
You are immune to rotting.


Message History

You swing at nothing.
* * * LOW HITPOINT WARNING * * *
You feel sick.
You swing at nothing.
You swing at nothing.
* * * LOW HITPOINT WARNING * * *
You feel sick.
You swing at nothing.
You swing at nothing.
You swing at nothing.
* * * LOW HITPOINT WARNING * * *
You feel sick.
You swing at nothing.
You swing at nothing.
* * * LOW HITPOINT WARNING * * *
You feel sick.
You swing at nothing.
You swing at nothing.
You swing at nothing.
You die...

#..## #....
#...# #...#
#...# ...#
########†.#.#
........@..[#
###.#.<#.......
#..#.#.#.##
#..... #
#..#.#.
#..#.#.. #....#
.. #....# ...
...#


There were no monsters in sight!

Vanquished Creatures
  A worker ant (D:4)
  2 bats (D:1)
  A giant cockroach (D:1)
  A goblin (D:2)
  2 hobgoblins (D:1)
  2 jackals (D:1)
  A kobold (D:1)
  A ball python (D:2)
  2 frilled lizards
  4 rats
17 creatures vanquished.

Vanquished Creatures (others)
  3 toadstools (D:1)
3 creatures vanquished.

Grand Total: 20 creatures vanquished

Notes
Turn   | Place    | Note
-------+----------+-------------------------------------------
     0 | D:1      | jacquesderrida the Vine Stalker Skald began the quest for the Orb.
     0 | D:1      | Reached XP level 1. HP: 11/11 MP: 4/4
   144 | D:1      | Reached XP level 2. HP: 8/15 MP: 6/6
   266 | D:2      | Found a sacrificial altar of Ru.
   296 | D:2      | Found a hide-covered altar of Uskayaw.
   344 | D:4      | Reached XP level 3. HP: 9/18 MP: 2/7
   362 | D:4      | Succumbed to a worker ant's poison

Vault maps used:
D:1:      ldierk_water_garden
D:2:      nicolae_ru_path_of_blood, lemuel_round_altar, first_bread,
          uniq_jessica
D:3:      elyvilon_altar_4, zin_academy
D:4:      grunt_gozag_breadcrumbs

Skill      XL: |  1  2 |
---------------+-------+-----
Long Blades    | 2 3 |  3.3
Fighting       | |  1.7
Armour         | |  0.7
Dodging        | |  0.7
Spellcasting   | |  2.1
Charms         | |  3.0

Action                   || total
-------------------------++-------
Melee: Falchion          ||    45
       Bite              ||     9
 Cast: Infusion          ||     2
  Use: Potion            ||     1
Armor: Leather armour    ||     3
       Ring mail         ||    12
Dodge: Dodged            ||    21
